 Dungeon Crawl Stone Soup version 0.17-a0-1769-g54adf96 (webtiles) character file.

2483 carl the Basher (level 9, 0/51 HPs)
             Began as a Gargoyle Fighter on Sept 7, 2015.
             Was a Believer of Ru.
             Slain by an orc warrior
             ... wielding a +0 short sword
              (9 damage)
             ... on level 7 of the Dungeon.
             The game lasted 00:13:31 (6109 turns).

carl the Basher (Gargoyle Fighter)                  Turns: 6109, Time: 00:13:32

Health: 0/51       AC: 13    Str: 21    XL:     9   Next: 52%
Magic:  9/9        EV: 12    Int: 11    God:    Ru [**....]
Gold:   337        SH:  9    Dex:  9    Spells: 0 memorised, 8 levels left

rFire  . . .     SeeInvis +     L - +0 morningstar
rCold  . . .     Clarity  .     b - +0 scale mail
rNeg   + + .     SustAt   .     c - +0 shield
rPois  ∞         Gourm    .     (no helmet)
rElec  +         Spirit   .     (no cloak)
rCorr  .         Warding  +     K - +0 pair of gloves
rMut   .         Stasis   .     (no boots)
MR     .....                    l - amulet of warding
Stlth  ..........               m - ring of see invisible
                                r - +5 ring of evasion

@: no scrolls, not resistant to hostile enchantments, extremely unstealthy
A: negative energy resistance 1, electricity resistance, unbreathing,
petrification resistance, rot immunity, inability to read while threatened,
hated by all, AC +5
a: Renounce Religion


You were on level 7 of the Dungeon.
You worshipped Ru.
Ru was pleased with you.
You were not hungry.

You visited 1 branch of the dungeon, and saw 7 of its levels.

You collected 337 gold pieces.

Inventory:

Hand weapons
 a - a +0 flail
 L - a +0 morningstar (weapon)
Armour
 b - a +0 scale mail (worn)
 c - a +0 shield (worn)
 K - a +0 pair of gloves (worn)
 O - a +0 plate armour
Jewellery
 l - an amulet of warding (around neck)
 m - a ring of see invisible (right hand)
 o - an uncursed amulet of warding
 p - a +2 ring of intelligence
 r - a +5 ring of evasion (left hand)
 w - an uncursed ring of stealth
 C - an uncursed ring of protection from fire
 E - an uncursed ring of teleportation
 F - an uncursed ring of stealth
Magical devices
 J - a wand of draining (6)
Scrolls
 d - 2 scrolls of magic mapping {unknown}
 f - 5 scrolls of identify
 g - 2 scrolls of teleportation {unknown}
 j - 4 scrolls of remove curse
 k - a scroll of enchant weapon {unknown}
 u - a scroll of fear {unknown}
 y - 2 scrolls of recharging {unknown}
 B - 3 scrolls of enchant armour {unknown}
 H - a scroll of noise {unknown}
 I - 2 scrolls of immolation {unknown}
 M - 2 scrolls of amnesia {unknown}
 N - a scroll of blinking {unknown}
Potions
 h - a potion of heal wounds
 i - 2 potions of lignification {unknown}
 s - 2 potions of cancellation {unknown}
 t - a potion of might
 v - 3 potions of haste {unknown}
 z - a potion of agility {unknown}
 D - a potion of magic {unknown}
 G - a potion of curing {unknown}
 P - a potion of degeneration {unknown}
Comestibles
 e - 7 bread rations
 n - 9 beef jerkies
 q - 3 meat rations
 x - 2 slices of pizza
 A - 3 fruits
 Q - 6 chunks of flesh


   Skills:
 - Level 3.2 Fighting
 + Level 12.4 Maces & Flails
 - Level 3.2 Armour
 - Level 3.2 Shields


You had 8 spell levels left.
You didn't know any spells.

Dungeon Overview and Level Annotations

Branches:
Dungeon (7/15)             Temple (0/1) D:6

Altars:
Ashenzari
Dithmenos
Makhleb
Nemelex Xobeh
Okawaru
Qazlal
Ru
Sif Muna
Vehumet
Zin
The Shining One


Innate Abilities, Weirdness & Mutations

You are resistant to torment.
Your stone body is resilient (AC +5).
You are immune to poison.
You resist negative energy.
You are resistant to electric shocks.
You can survive without breathing.
You are immune to petrification.
You are immune to rotting.
You cannot read scrolls while threatened.
You are hated by all.


Message History

The orc hits you but does no damage.
The orc wizard mumbles some strange words.
The orc wizard blinks!
The orc warrior hits you with a short sword.
You focus your will and blind the orc warrior in retribution!
You sock the orc warrior!
The orc warrior is almost dead.
The orc barely misses you.
You hit the orc warrior but do no damage.
The orc warrior is almost dead.
The orc warrior hits you with a short sword!
* * * LOW HITPOINT WARNING * * *
The orc closely misses you. You block the orc warrior's attack.
You are too injured to fight recklessly!
You are too injured to fight recklessly!
You are too injured to fight recklessly!
You barely miss the orc warrior.
The orc warrior is almost dead.
The orc warrior hits you with a short sword!
You die...

####..##......#
#..##.####.#
###.......##.#
..........#.##.#####
#######.#.#.##.....#
#.#.#.######)#
#...#........#
##..########.# #.@#
### #...oo......
#...o.......
#...........
#...........
#...........
#...........
#...........


You could see an orc warrior (blind), an orc wizard and an orc.

Vanquished Creatures
  Sigmund (D:5)
  A hippogriff (D:6)
  Eustachio (D:4)
  2 orc warriors (D:7)
  A sky beast (D:5)
  7 ogres
  2 phantoms (D:6)
  2 centaurs
  A giant frog (D:7)
  A scorpion (D:3)
  A centaur zombie (D:5)
  2 quasits
  2 orc wizards
  2 hounds
  An orc priest (D:6)
  Ijyb (D:2)
  2 jellies
  A centaur skeleton (D:6)
  A giant frog skeleton (D:4)
  2 worker ants
  2 iguanas
  8 gnolls
  6 adders
  2 shadow imps
  2 adder zombies
  A worm (D:3)
  2 giant geckos
  14 orcs
  2 ball pythons
  6 goblins
  4 hobgoblins
  7 jackals
  7 kobolds
  2 quokkas (D:4)
  7 bats
  4 giant cockroaches
  A giant gecko skeleton (D:6)
  3 giant newts (D:2)
  2 rats
116 creatures vanquished.

Vanquished Creatures (others)
  A hound (D:5)
1 creature vanquished.

Grand Total: 117 creatures vanquished

Notes
Turn   | Place    | Note
--------------------------------------------------------------
     0 | D:1      | carl the Gargoyle Fighter began the quest for the Orb.
     0 | D:1      | Reached XP level 1. HP: 14/14 MP: 1/1
    60 | D:2      | Reached XP level 2. HP: 4/19 MP: 2/2
   361 | D:2      | Found a glowing golden altar of the Shining One.
   413 | D:2      | Noticed Ijyb
   422 | D:2      | Killed Ijyb
   422 | D:2      | Reached skill level 4 in Maces & Flails
   422 | D:2      | Reached XP level 3. HP: 18/23 MP: 3/3
   458 | D:2      | Found a shadowy altar of Dithmenos.
   760 | D:2      | Reached XP level 4. HP: 28/28 MP: 4/4
   768 | D:2      | Found a sacrificial altar of Ru.
   865 | D:2      | Became a worshipper of Ru the Awakened
  2005 | D:3      | Reached skill level 5 in Maces & Flails
  2005 | D:3      | Reached XP level 5. HP: 16/32 MP: 5/5
  2236 | D:3      | Found a sparkling altar of Nemelex Xobeh.
  2425 | D:4      | Found a burning altar of Makhleb.
  2507 | D:3      | Gained mutation: You are hated by all. [Ru sacrifice]
  2507 | D:3      | Acquired Ru's first power
  2715 | D:4      | Reached skill level 6 in Maces & Flails
  2715 | D:4      | Reached XP level 6. HP: 27/37 MP: 6/6
  2817 | D:4      | Found a glowing golden altar of the Shining One.
  2919 | D:4      | Noticed an ogre
  2934 | D:4      | Killed an ogre
  2968 | D:4      | Noticed Eustachio
  2988 | D:4      | Reached skill level 7 in Maces & Flails
  3189 | D:4      | Killed Eustachio
  3189 | D:4      | Reached XP level 7. HP: 29/41 MP: 7/7
  3523 | D:4      | Found a deep blue altar of Sif Muna.
  3731 | D:5      | Entered Level 5 of the Dungeon
  3756 | D:5      | Reached skill level 8 in Maces & Flails
  4035 | D:5      | Reached skill level 9 in Maces & Flails
  4035 | D:5      | Reached XP level 8. HP: 30/46 MP: 8/8
  4088 | D:5      | Noticed Sigmund
  4103 | D:5      | Killed Sigmund
  4140 | D:5      | Noticed a fire elemental
  4144 | D:5      | Found a stormy altar of Qazlal.
  4147 | D:5      | Noticed an air elemental
  4147 | D:5      | Noticed a water elemental
  4176 | D:5      | Found a glowing silver altar of Zin.
  4380 | D:5      | Found an iron altar of Okawaru.
  4380 | D:5      | Found a radiant altar of Vehumet.
  4544 | D:6      | Reached skill level 10 in Maces & Flails
  4607 | D:6      | Gained mutation: You cannot read scrolls while threatened. [Ru sacrifice]
  4607 | D:6      | Acquired Ru's second power
  4717 | D:6      | Reached skill level 11 in Maces & Flails
  4791 | D:6      | Found a staircase to the Ecumenical Temple.
  4848 | D:6      | Found a shattered altar of Ashenzari.
  4856 | D:6      | Reached XP level 9. HP: 51/51 MP: 9/9
  5440 | D:7      | Reached skill level 12 in Maces & Flails
  6109 | D:7      | Slain by an orc warrior

Vault maps used:
D:1:      tarquinn_simple_flora_water_f
D:2:      lemuel_coloured_pillars_altar, old_standard_altar,
          nicolae_overflow_crystal_walls, first_bread, uniq_iyjb
D:3:      nemelex_spade_bored_becter
D:4:      lemuel_crystal_altar, tgw_sif, nicolae_tso_carved_into_rock,
          uniq_eustachio
D:5:      gammafunk_temple_overflow_wave, zin_statuary,
          nicolae_qazlal_style_of_elements, hex_tiny, minmay_misc_feat_tiny,
          kennysheep_generic_room_14, uniq_sigmund
D:6:      overflow_temple_1_default, minmay_temple_entry_glass
D:7:      overflow_temple_1_default, serial_shops, nicolae_shop_statue_plus,
          grunt_ogre_cave

Action                   |  1- 3 |  4- 6 |  7- 9 || total
-------------------------+-------+-------+-------++-------
Melee: Flail             |    56 |   215 |    81 ||   352
       Morningstar       |       |       |   253 ||   253
Invok: Sacrifice Love    |       |     1 |       ||     1
       Sacrifice Words   |       |       |     1 ||     1
  Use: Potion            |     1 |       |     2 ||     3
       Scroll            |       |       |     2 ||     2
 Stab: Distracted        |       |     1 |       ||     1
  Eat: Chunk             |       |     6 |    11 ||    17
